 Dungeon Crawl Stone Soup version 0.22.1-1-ga44c0e5 (webtiles) character file.

92 Ruman the Shield-Bearer (level 4, -16/44 HPs)
             Began as a Troll Fighter on Oct 25, 2018.
             Was a Believer of Cheibriados.
             Killed from afar by Folque's ghost (21 damage)
             ... with a stone arrow
             ... on level 4 of the Dungeon.
             The game lasted 00:10:31 (1709 turns).

Ruman the Shield-Bearer (Troll Fighter)             Turns: 1709, Time: 00:10:32

Health: -16/44     AC:  5    Str: 27 (29) XL:     4   Next: 35%
Magic:  3/3        EV:  8    Int:  7 (8)  God:    Cheibriados [**....]
Gold:   143        SH:  9    Dex: 10 (13) Spells: 3/3 levels left

rFire    . . .     SeeInvis .   a - +0 long sword
rCold    . . .     Gourm    +   c - +0 shield
rNeg     . . .     Faith    .   b - +0 robe
rPois    .         Spirit   .   (helmet restricted)
rElec    .         Reflect  .   (no cloak)
rCorr    .         Harm     .   (gloves unavailable)
MR       .....     Rnd*Tele +   (boots unavailable)
Stlth    +.........             (no amulet)
HPRegen  0.54/turn              i - ring of teleportation (curse)
MPRegen  0.08/turn              (no ring)

@: very slow
A: large, unfitting armour, claws 3, fast metabolism 3, gourmand, regeneration
1, shaggy fur 1, tough skin 2
a: Bend Time, Renounce Religion


You were on level 4 of the Dungeon.
You worshipped Cheibriados.
Cheibriados was pleased with you.
You were very full.

You visited 1 branch of the dungeon, and saw 4 of its levels.

You collected 143 gold pieces.

Inventory:

Hand Weapons
 a - a +0 long sword (weapon)
 g - a +0 hand axe
 j - a +0 mace
 o - a +0 hunting sling
Missiles
 h - 70 stones
 l - 12 poisoned needles (quivered)
Armour
 b - a +0 robe (worn)
 c - a +0 shield (worn)
Jewellery
 i - a cursed ring of teleportation (left claw)
Scrolls
 e - a scroll of enchant weapon {unknown}
 k - a scroll of teleportation
 m - a scroll of remove curse {unknown}
 n - a scroll of magic mapping
Potions
 d - 2 potions of might
Comestibles
 f - 6 rations


   Skills:
 + Level 2.8 Fighting
 + Level 2.6 Long Blades
 + Level 2.8 Dodging
 + Level 3.0 Shields


You had 3 spell levels left.
You didn't know any spells.
Your spell library was empty.

Dungeon Overview and Level Annotations

Branches:
Dungeon (4/15)
 Temple: D:4-7

Altars:
Cheibriados

Annotations:
D:4 Folque's ghost, amateur DrEE


Innate Abilities, Weirdness & Mutations

You are too large for most types of armour.
You have claws for hands.
Your metabolism is lightning-fast.
You like to eat raw meat.
Your natural rate of healing is unusually fast.
You are covered in fur. (AC +1)
You have very tough skin. (AC +2)


Message History

Folque's ghost hits you but does no damage.
You closely miss Folque's ghost. Folque's ghost casts a spell at you.
The stone arrow hits you!
Ouch! That really hurt!
You are too injured to fight recklessly!
Folque's ghost points at you and mumbles some strange words.
The blast of sand hits you!
You are too injured to fight recklessly!
Folque's ghost gestures at you while chanting.
The blast of sand hits you!
Folque's ghost points at you and mumbles some strange words.
The stone arrow hits you!
* * * LOW HITPOINT WARNING * * *
There is an open door here.
Folque's ghost points at you and mumbles some strange words.
The blast of sand hits you!
Folque's ghost points at you and mumbles some strange words.
The stone arrow hits you!
You die...

...>#####...#.....)##############
###.# #...#......# #.##
#...#....(.# ###### #..#
#...#......# #..... ##.##
##.........#### #..... #..#
#............# #..... ##.##
#....##W####.# #..... #..#
#######.# #.# #..... ##.#*
#@####.#### ####'# *****..#
#.#.......# #.# *,,,,..#*
#.###'''### #.# *,,,,..(*
#.#(....♣.# #.. *,,,,...#
#.#..(...$######.. *,,,,.).#*
***#.#....(..#....... ******##..*
*,,..#8($....#######. ,*
**,***,,..#...(.(.#..####. ,*
******,,**,,,,##########....'.


You could see Folque's ghost.

Vanquished Creatures
  An orc wizard (D:4)
  An adder (D:2)
  2 worms
  A dart slug (D:1)
  A leopard gecko (D:3)
  2 orcs (D:4)
  7 bats
  A giant cockroach (D:1)
  4 goblins
  8 hobgoblins
  2 jackals (D:2)
  2 kobolds
  2 quokkas
  4 frilled lizards
  4 rats
42 creatures vanquished.

Notes
Turn   | Place    | Note
-------+----------+-------------------------------------------
     0 | D:1      | Ruman the Troll Fighter began the quest for the Orb.
     0 | D:1      | Reached XP level 1. HP: 22/22 MP: 0/0
   103 | D:1      | Reached XP level 2. HP: 28/29 MP: 1/1
   420 | D:2      | Found a faded altar of an unknown god.
   465 | D:2      | Became a worshipper of Cheibriados the Contemplative
   465 | D:2      | Reached * piety under Cheibriados
   476 | D:2      | Reached XP level 3. HP: 36/36 MP: 2/2
  1177 | D:4      | Reached skill level 3 in Shields
  1177 | D:4      | Reached XP level 4. HP: 8/44 MP: 3/3
  1208 | D:4      | Reached ** piety under Cheibriados
  1691 | D:4      | Found a runed gate.
  1691 | D:4      | Found a runed gate.
  1692 | D:4      | Found a runed gate.
  1694 | D:4      | Noticed Folque's ghost (amateur DrEE)
  1704 | D:4      | HP: 1/44 [Folque's ghost/stone arrow (17)]
  1709 | D:4      | Killed from afar by Folque's ghost

Skill      XL: |  1  2  3 |
---------------+----------+-----
Long Blades    | 2 |  2.6
Shields        | 3 |  3.0
Fighting       | |  2.8
Dodging        | |  2.8

Action                   |  1- 3 |  4- 6 || total
-------------------------+-------+-------++-------
Melee: Long sword        |   130 |     3 ||   133
  Use: Scroll            |       |     2 ||     2
       Potion            |       |     1 ||     1
 Stab: Sleeping          |     1 |       ||     1
  Eat: Chunk             |    13 |       ||    13
       Ration            |       |     1 ||     1
Armor: Robe              |    61 |    10 ||    71
Dodge: Dodged            |    55 |     6 ||    61
Block: Shield            |   107 |    14 ||   121
       Rpst.: Long sword |    18 |     3 ||    21
